[Event "ICC tourney 2532 (25 5)"]
[Site "Internet Chess Club"]
[Date "2021.04.25"]
[Round "5"]
[White "JONES, JAVADE:K12-16985577"]
[Black "ROY, RAYAT:K12-14819746"]
[Result "1-0"]
[ICCResult "Black checkmated"]
[WhiteElo "432"]
[BlackElo "1488"]
[Opening "Queen's pawn: London system"]
[ECO "A45"]
[NIC "QP.07"]
[Time "11:02:14"]
[PlyCount "69"]
[TimeControl "1500+5"]

1. d4 Nf6 2. Bf4 g6 3. h3 Bg7 4. Nf3 O-O 5. e3 d6 6. Be2 Bf5 7. Nc3 Nbd7 8.
O-O c5 9. g4 Be4 10. g5 Bxf3 11. Bxf3 Ne8 12. Ne4 cxd4 13. exd4 Qb6 14. c3
Nc7 15. Qb3 Ne6 16. Be3 Qxb3 17. axb3 Nb6 18. Ng3 d5 19. h4 Rfd8 20. Bg4 a6
21. f4 Nc7 22. f5 Ne8 23. fxg6 hxg6 24. h5 Nd6 25. hxg6 fxg6 26. Be6+ Kh7
27. Kg2 Bh8 28. Rh1+ Kg7 29. Raf1 Rf8 30. Bf4 Nf7 31. Rh3 Kg8 32. Rfh1 Bg7
33. Be5 Rfd8 34. Rh8+ Bxh8 35. Rxh8# { Black checkmated } 1-0

[Event "ICC tourney 2532 (25 5)"]
[Site "Internet Chess Club"]
[Date "2021.04.25"]
[Round "5"]
[White "ESPINOSA, PEDRO:K12-14987738"]
[Black "OSKIPER, CONSTANTINE:K12-14338863"]
[Result "0-1"]
[ICCResult "White checkmated"]
[WhiteElo "2200"]
[BlackElo "1909"]
[Opening "French: Tarrasch, closed variation, main line"]
[ECO "C06"]
[NIC "FR.17"]
[Time "11:10:04"]
[PlyCount "124"]
[TimeControl "1500+5"]

1. e4 e6 2. d4 d5 3. Nd2 Nf6 4. e5 Nfd7 5. Bd3 c5 6. c3 Nc6 7. Ne2 cxd4 8.
cxd4 f6 9. Nf4 Nxd4 10. Qh5+ Ke7 11. exf6+ Nxf6 12. Ng6+ hxg6 13. Qxh8 Kf7
14. O-O e5 15. Nb3 Nxb3 16. axb3 Bf5 17. Bxf5 gxf5 18. Re1 e4 19. Bf4 Bc5
20. Qxd8 Rxd8 21. Rec1 Bb6 22. Bc7 Rd7 23. Bxb6 axb6 24. Kf1 d4 25. Ke2 d3+
26. Kd2 Ng4 27. Rf1 Ke6 28. h3 Nf6 29. g3 g5 30. Rfe1 Ke5 31. Ra4 b5 32.
Rb4 Rd5 33. Ra1 Kd6 34. Rc1 Rc5 35. Rd4+ Nd5 36. Rc3 Rc6 37. h4 gxh4 38.
gxh4 Ke5 39. Rxd5+ Kxd5 40. h5 Rh6 41. Rc7 b6 42. Ke3 Rxh5 43. Rf7 Ke6 44.
Rb7 Rh3+ 45. Kd2 Ke5 46. Rxb6 Rh2 47. Ke1 Rh1+ 48. Kd2 Rf1 49. Rxb5+ Kf4
50. Rc5 Rxf2+ 51. Ke1 d2+ 52. Kd1 Rg2 53. b4 e3 54. Kc2 Rg1 55. Kd3 d1=Q+
56. Kc4 e2 57. Kb5 e1=Q 58. Rc4+ Kg5 59. Kb6 Qe3+ 60. Rc5 Qd6+ 61. Ka5 Ra1+
62. Kb5 Qa6# { White checkmated } 0-1

[Event "ICC tourney 2532 (25 5)"]
[Site "Internet Chess Club"]
[Date "2021.04.25"]
[Round "5"]
[White "JIN NELSON, MICHAEL:K12-16300942"]
[Black "GNANAKUMAR, SATHYA:K12-14762706"]
[Result "0-1"]
[ICCResult "White checkmated"]
[WhiteElo "1388"]
[BlackElo "1960"]
[Opening "French: advance, Wade variation"]
[ECO "C02"]
[NIC "FR.03"]
[Time "11:01:51"]
[PlyCount "60"]
[TimeControl "1500+5"]

1. e4 e6 2. d4 d5 3. e5 c5 4. c3 Qb6 5. Nf3 Bd7 6. a3 a5 7. Be2 Bb5 8. O-O
Nc6 9. Be3 Bxe2 10. Qxe2 Nh6 11. dxc5 Bxc5 12. Bxc5 Qxc5 13. b4 Qb6 14.
Nbd2 axb4 15. axb4 O-O 16. Nb3 Nf5 17. Nc5 Rfd8 18. Ng5 h6 19. Nf3 Rxa1 20.
Rxa1 d4 21. g4 Nfe7 22. cxd4 Qxb4 23. Ra4 Qb1+ 24. Kg2 b5 25. Ra6 Nxd4 26.
Nxd4 Rxd4 27. Rd6 Nd5 28. Qf3 Nf4+ 29. Kg3 Qg1+ 30. Kh4 g5# { White
checkmated } 0-1

[Event "ICC tourney 2532 (25 5)"]
[Site "Internet Chess Club"]
[Date "2021.04.25"]
[Round "5"]
[White "MISYUTIN, VICTOR:K12-17330043"]
[Black "MUTHUKUMAR, AADITH:K12-15488268"]
[Result "0-1"]
[ICCResult "White resigns"]
[WhiteElo "917"]
[BlackElo "1529"]
[Opening "Queen's pawn: London system"]
[ECO "A45"]
[NIC "QP.07"]
[Time "11:00:58"]
[PlyCount "62"]
[TimeControl "1500+5"]

1. d4 Nf6 2. Bf4 c5 3. c3 cxd4 4. cxd4 g6 5. e3 Bg7 6. Bd3 d5 7. Nc3 O-O 8.
h4 Nh5 9. Bh2 Nc6 10. a3 Re8 11. g4 Nf6 12. g5 Ng4 13. Be2 Nxh2 14. Rxh2 e5
15. Nf3 exd4 16. Nxd4 Nxd4 17. exd4 Qd6 18. Rh1 Bg4 19. Qd3 Bxe2 20. Nxe2
Qe7 21. Rh3 Bxd4 22. h5 Bxb2 23. Rb1 Bxa3 24. Re3 Bb4+ 25. Kf1 Qd6 26.
Rxe8+ Rxe8 27. Qd4 Bc5 28. Qb2 b6 29. h6 Qe5 30. Qd2 Qf5 31. Ng1 Qxb1+ {
White resigns } 0-1

[Event "ICC tourney 2532 (25 5)"]
[Site "Internet Chess Club"]
[Date "2021.04.25"]
[Round "5"]
[White "BENJAMIN JONES, JACOB:K12-16585267"]
[Black "PHILIP MOOR, NATHANIEL:K12-15012516"]
[Result "0-1"]
[ICCResult "White resigns"]
[WhiteElo "1891"]
[BlackElo "2180"]
[Opening "Sicilian: Najdorf, Polugayevsky variation"]
[ECO "B96"]
[NIC "SI.07"]
[Time "11:02:05"]
[PlyCount "85"]
[TimeControl "1500+5"]

1. e4 c5 2. Nf3 d6 3. d4 cxd4 4. Nxd4 Nf6 5. Nc3 a6 6. Bg5 e6 7. f4 b5 8.
e5 dxe5 9. fxe5 Qc7 10. exf6 Qe5+ 11. Be2 Qxg5 12. O-O Ra7 13. Nf3 Qxf6 14.
Ne4 Qf4 15. Nfg5 Qe5 16. Rxf7 Bc5+ 17. Kh1 Rxf7 18. Qd8+ Kxd8 19. Nxf7+ Ke7
20. Nxe5 Bd4 21. Nd3 Nd7 22. Re1 Bb7 23. Bg4 e5 24. c3 Bxe4 25. Bxd7 Bxd3
26. cxd4 Kxd7 27. dxe5 Ke6 28. Kg1 Rc8 29. Rd1 Be4 30. Re1 Kxe5 31. Re2 Rc2
32. Rxc2 Bxc2 33. Kf2 Kd4 34. Ke2 Bb1 35. a4 bxa4 36. Kd2 Kc4 37. Kc1 Be4
38. b4 axb3 39. Kb2 Bxg2 40. h3 Bxh3 41. Ka1 Kc3 42. Kb1 b2 43. Ka2 { White
resigns } 0-1

[Event "ICC tourney 2532 (25 5)"]
[Site "Internet Chess Club"]
[Date "2021.04.25"]
[Round "5"]
[White "XINJIAN LI, DAVID:K12-14899012"]
[Black "KOVACS, JEREMY:K12-15030650"]
[Result "1-0"]
[ICCResult "Black checkmated"]
[WhiteElo "1936"]
[BlackElo "1303"]
[Opening "QGD: exchange, positional line"]
[ECO "D35"]
[NIC "QO.16"]
[Time "11:02:38"]
[PlyCount "61"]
[TimeControl "1500+5"]

1. d4 d5 2. c4 e6 3. Nc3 Nf6 4. cxd5 exd5 5. Bg5 Be7 6. Nf3 O-O 7. e3 Bf5
8. Qb3 Nc6 9. Bxf6 Bxf6 10. Qxd5 g6 11. Qc4 Re8 12. Be2 Bg4 13. Rd1 Qe7 14.
O-O Rad8 15. Nd5 Qd6 16. Nxf6+ Qxf6 17. h3 Be6 18. d5 Bxd5 19. Rxd5 Qxb2
20. Rfd1 Rxd5 21. Rxd5 Nb4 22. Rd7 Rf8 23. Ng5 Qa1+ 24. Kh2 Qe5+ 25. f4
Qxe3 26. Nxf7 Kg7 27. Ne5+ Kh8 28. Nf7+ Kg7 29. Ng5+ Kf6 30. Rf7+ Rxf7 31.
Qxf7# { Black checkmated } 1-0

[Event "ICC tourney 2532 (25 5)"]
[Site "Internet Chess Club"]
[Date "2021.04.25"]
[Round "5"]
[White "MICHAEL RODRIGUEZ, BRADLEY:K12-14653376"]
[Black "OMAR NAVARRETE, JONATHAN:K12-30101198"]
[Result "1-0"]
[ICCResult "Black checkmated"]
[WhiteElo "1609"]
[BlackElo "1062"]
[Opening "QGD semi-Slav: Bogolyubov variation"]
[ECO "D45"]
[NIC "SL.08"]
[Time "11:00:52"]
[PlyCount "67"]
[TimeControl "1500+5"]

1. d4 d5 2. c4 c6 3. Nf3 Nf6 4. e3 e6 5. Nc3 Be7 6. Bd3 Nbd7 7. O-O O-O 8.
Rb1 Qc7 9. b4 e5 10. cxd5 Nxd5 11. Nxd5 cxd5 12. dxe5 Nxe5 13. Bb2 Nxd3 14.
Qxd3 Qc4 15. Qd4 Qxd4 16. Bxd4 Bf5 17. Rb2 Rfc8 18. a3 a5 19. bxa5 Rxa5 20.
Rxb7 Bxa3 21. h3 h6 22. Be5 f6 23. Bg3 Rc1 24. Rxc1 Bxc1 25. Nd4 Bc2 26.
Nxc2 Kh7 27. Nd4 Ra8 28. Bh4 Kg6 29. g4 Re8 30. Ne2 Bb2 31. Nf4+ Kh7 32.
Nxd5 Be5 33. Bxf6 Kg6 34. Rxg7# { Black checkmated } 1-0

[Event "ICC tourney 2532 (25 5)"]
[Site "Internet Chess Club"]
[Date "2021.04.25"]
[Round "5"]
[White "D DE LEON, CARLOS:K12-14987180"]
[Black "NAIR, ADVAIT:K12-15900267"]
[Result "1/2-1/2"]
[ICCResult "Game drawn by repetition"]
[WhiteElo "1995"]
[BlackElo "1749"]
[Opening "Sicilian: dragon, Yugoslav attack, 10.O-O-O"]
[ECO "B78"]
[NIC "SI.18"]
[Time "11:02:17"]
[PlyCount "63"]
[TimeControl "1500+5"]

1. e4 c5 2. Nf3 d6 3. d4 cxd4 4. Nxd4 Nf6 5. Nc3 g6 6. f3 Bg7 7. Be3 O-O 8.
Qd2 Nc6 9. Bc4 Bd7 10. O-O-O Rc8 11. Bb3 Nxd4 12. Bxd4 b5 13. Bxa7 b4 14.
Ne2 Qa5 15. Bd4 Ba4 16. Bxa4 Qxa4 17. Kb1 Ra8 18. Nc1 Rfc8 19. Rhe1 Rc4 20.
b3 Rxd4 21. bxa4 Rxd2 22. Rxd2 Nd7 23. Ne2 Nc5 24. Rc1 Nxa4 25. Rd3 Nc5 26.
Re3 Bh6 27. f4 Bg7 28. c4 Rb8 29. Kc2 Ra8 30. Kb1 Rb8 31. Kc2 Ra8 32. Kb1 {
Game drawn by repetition } 1/2-1/2

[Event "ICC tourney 2532 (25 5)"]
[Site "Internet Chess Club"]
[Date "2021.04.25"]
[Round "5"]
[White "ZEREGA, LUCA:K12-16005458"]
[Black "LEE, RYAN:K12-15137336"]
[Result "1-0"]
[ICCResult "Black resigns"]
[WhiteElo "1285"]
[BlackElo "1911"]
[Opening "Sicilian: Najdorf, Byrne (English) attack"]
[ECO "B90"]
[NIC "SI.14"]
[Time "11:01:20"]
[PlyCount "65"]
[TimeControl "1500+5"]

1. e4 c5 2. Nf3 d6 3. d4 cxd4 4. Nxd4 Nf6 5. Nc3 a6 6. Be3 e5 7. Nf3 Be6 8.
Ng5 Qc8 9. Be2 h6 10. Nxe6 Qxe6 11. O-O Be7 12. h3 Nbd7 13. Nd5 Nxd5 14.
exd5 Qg6 15. Bd3 f5 16. Be2 Nf6 17. c4 f4 18. Bb6 O-O 19. c5 Bd8 20. Bxd8
Raxd8 21. c6 bxc6 22. dxc6 Ne8 23. Bxa6 f3 24. g3 Nc7 25. Bb7 Qh5 26. Kh2
Ne6 27. Qd5 Qf7 28. Rac1 Kh8 29. b4 Qg6 30. c7 Ng5 31. cxd8=Q Rxd8 32. Rc8
Rxc8 33. Bxc8 { Black resigns } 1-0

[Event "ICC tourney 2532 (25 5)"]
[Site "Internet Chess Club"]
[Date "2021.04.25"]
[Round "5"]
[White "NATHAN, KAPIL:K12-15120535"]
[Black "WANG, JUSTIN:K12-14930904"]
[Result "0-1"]
[ICCResult "White resigns"]
[WhiteElo "1394"]
[BlackElo "2540"]
[Opening "Sicilian, Chekhover variation"]
[ECO "B53"]
[NIC "SI.02"]
[Time "11:02:03"]
[PlyCount "56"]
[TimeControl "1500+5"]

1. e4 c5 2. Nf3 d6 3. d4 cxd4 4. Qxd4 Nc6 5. Bb5 a6 6. Bxc6+ bxc6 7. Nc3 e5
8. Qd3 h6 9. Be3 Nf6 10. h3 a5 11. O-O-O Ba6 12. Qd2 Be7 13. Nh4 g6 14. Nf3
g5 15. g4 Rg8 16. Rdg1 Bc8 17. Rg2 Be6 18. Kb1 Rb8 19. Rd1 Rb4 20. a3 Rb7
21. Qd3 Qb8 22. Bc1 d5 23. Ka1 d4 24. Ne2 Nd7 25. Qa6 Nc5 26. Qxc6+ Kf8 27.
a4 Rg6 28. Ng3 Rb6 { White resigns } 0-1

[Event "ICC tourney 2532 (25 5)"]
[Site "Internet Chess Club"]
[Date "2021.04.25"]
[Round "5"]
[White "KUSHALNAGAR, NIRUPAM:K12-17349316"]
[Black "MARTINEZ, JONATHAN:K12-14701133"]
[Result "1-0"]
[ICCResult "Black resigns"]
[WhiteElo "1328"]
[BlackElo "1945"]
[Opening "Queen's pawn: London system"]
[ECO "A45"]
[NIC "QP.07"]
[Time "11:02:25"]
[PlyCount "47"]
[TimeControl "1500+5"]

1. d4 Nf6 2. Bf4 c5 3. e3 cxd4 4. exd4 d5 5. Nf3 Nc6 6. c3 Bf5 7. Bd3 Bxd3
8. Qxd3 g6 9. O-O Bg7 10. Nbd2 O-O 11. Rfe1 Rc8 12. h3 e6 13. Qe3 Qb6 14.
Rab1 Ne7 15. g4 h5 16. Ne5 Rfd8 17. Bg5 Qc7 18. Nxf7 Rf8 19. Ne5 Rce8 20.
Qd3 Qd6 21. Nxg6 Nxg6 22. Qxg6 hxg4 23. Bxf6 Rf7 24. Bxg7 { Black resigns }
1-0

[Event "ICC tourney 2532 (25 5)"]
[Site "Internet Chess Club"]
[Date "2021.04.25"]
[Round "5"]
[White "RAJAMANIKANDAN, SATHA:K12-15310314"]
[Black "VILLASENOR, ERIK:K12-14984325"]
[Result "1-0"]
[ICCResult "Black resigns"]
[WhiteElo "1496"]
[BlackElo "851"]
[Opening "King's gambit"]
[ECO "C30"]
[NIC "KG.05"]
[Time "11:03:51"]
[PlyCount "89"]
[TimeControl "1500+5"]

1. e4 e5 2. f4 d6 3. Nf3 Bg4 4. Bc4 Nc6 5. Nc3 Nd4 6. Nxe5 dxe5 7. Qxg4
Nxc2+ 8. Kd1 Nxa1 9. fxe5 c6 10. d3 b5 11. Nxb5 Qd7 12. Qxd7+ Kxd7 13. Nd4
f6 14. e6+ Kc7 15. Nxc6 Kxc6 16. Bd5+ Kc7 17. Bxa8 Bc5 18. Bf4+ Kb6 19. Kc1
Ne7 20. Bd5 Rc8 21. Bc4 Ng6 22. Bg3 Ne5 23. Bxe5 fxe5 24. Kb1 Rf8 25. Kxa1
Rf2 26. g3 Kc6 27. Bd5+ Kd6 28. Rc1 Rg2 29. d4 Bxd4 30. Rc6+ Ke7 31. Rc7+
Kf6 32. Kb1 Rxb2+ 33. Kc1 Rb8 34. Kc2 h5 35. Rf7+ Kg6 36. Rf5 Kh6 37. e7
Re8 38. Bf7 Rc8+ 39. Kd1 g6 40. Rf6 Kg7 41. Rf3 Bc5 42. e8=Q Rxe8 43. Bxe8
Be7 44. Rf7+ Kh6 45. Rxe7 { Black resigns } 1-0

[Event "ICC tourney 2532 (25 5)"]
[Site "Internet Chess Club"]
[Date "2021.04.25"]
[Round "5"]
[White "DESAI, RIYA:K12-16115845"]
[Black "BIYANOV, ALEX:K12-15198345"]
[Result "0-1"]
[ICCResult "White checkmated"]
[WhiteElo "992"]
[BlackElo "1563"]
[Opening "Two knights defense"]
[ECO "C55"]
[NIC "KP.02"]
[Time "11:02:02"]
[PlyCount "64"]
[TimeControl "1500+5"]

1. e4 e5 2. Nf3 Nc6 3. d4 exd4 4. Bc4 Nf6 5. O-O d6 6. Bb5 Bd7 7. Re1 Ne5
8. Bxd7+ Qxd7 9. Nxd4 O-O-O 10. Nf5 d5 11. f3 Bc5+ 12. Kh1 dxe4 13. Qxd7+
Rxd7 14. fxe4 Nxe4 15. Nc3 Nf2+ 16. Kg1 Nc4 17. Be3 Nxe3 18. Nxe3 Ng4 19.
Ne4 Bxe3+ 20. Kf1 Bb6 21. h3 Ne3+ 22. Rxe3 Bxe3 23. Re1 Bb6 24. Ng5 h6 25.
Ne4 f5 26. Ng3 Rhd8 27. Re6 Rd1+ 28. Ke2 R1d2+ 29. Kf1 Rxc2 30. Ke1 Bf2+
31. Kf1 Rd1+ 32. Re1 Rxe1# { White checkmated } 0-1

[Event "ICC tourney 2532 (25 5)"]
[Site "Internet Chess Club"]
[Date "2021.04.25"]
[Round "5"]
[White "LAD, DALTON:K12-16754385"]
[Black "KOLAKALETI, SUSHEN:K12-15197630"]
[Result "0-1"]
[ICCResult "White resigns"]
[WhiteElo "1137"]
[BlackElo "1676"]
[Opening "QGD: 4.Bg5 Be7"]
[ECO "D53"]
[NIC "QO.13"]
[Time "11:02:18"]
[PlyCount "138"]
[TimeControl "1500+5"]

1. d4 d5 2. c4 e6 3. Nc3 Nf6 4. Bg5 Be7 5. e3 b6 6. Nf3 Bb7 7. Be2 O-O 8.
O-O Nbd7 9. Ne5 c5 10. f4 h6 11. Bh4 dxc4 12. Bxc4 Rc8 13. Bb3 Ne4 14. Bxe7
Qxe7 15. Bc2 Ndf6 16. f5 exf5 17. Rxf5 Qe6 18. Rf4 Nxc3 19. bxc3 cxd4 20.
cxd4 Qd5 21. e4 Qd6 22. Bb3 Bxe4 23. Qd2 Rcd8 24. Rd1 Bd5 25. Bc2 Bxa2 26.
Qd3 Rfe8 27. Rdf1 Rxe5 28. Rxf6 Qxd4+ 29. Qxd4 Rxd4 30. Rc6 Be6 31. Rc7 Rc4
32. Rxc4 Bxc4 33. Rf4 Re1+ 34. Kf2 Rf1+ 35. Ke3 Rxf4 36. Kxf4 a5 37. Ke4 b5
38. Kd4 a4 39. Bb1 Kf8 40. Kc3 Ke7 41. Kb4 Kd6 42. g4 Ke5 43. Bf5 Kf4 44.
h4 Be6 45. Be4 Kxg4 46. Bf5+ Bxf5 47. h5 Kxh5 48. Kc3 Bd7 49. Kd4 Kg5 50.
Kc3 Kf5 51. Kb4 Ke4 52. Kc3 f5 53. Kb4 Kd4 54. Ka3 Kc4 55. Kb2 b4 56. Ka2
Be6 57. Kb2 g5 58. Ka2 Kc3+ 59. Kb1 a3 60. Ka1 b3 61. Kb1 f4 62. Kc1 Bg4
63. Kb1 Kd2 64. Ka1 h5 65. Kb1 Bf5+ 66. Ka1 Bg4 67. Kb1 h4 68. Ka1 h3 69.
Kb1 h2 { White resigns } 0-1

[Event "ICC tourney 2532 (25 5)"]
[Site "Internet Chess Club"]
[Date "2021.04.25"]
[Round "5"]
[White "WANG, ALEXANDER:K12-16227962"]
[Black "EVANS, COOPER:K12-14988402"]
[Result "1/2-1/2"]
[ICCResult "Game drawn by repetition"]
[WhiteElo "1491"]
[BlackElo "511"]
[Opening "Ruy Lopez: closed, Flohr-Zaitsev system (Lenzerheide variation)"]
[ECO "C92"]
[NIC "RL.26"]
[Time "11:02:05"]
[PlyCount "67"]
[TimeControl "1500+5"]

1. e4 e5 2. Nf3 Nc6 3. Bb5 a6 4. Ba4 Nf6 5. O-O b5 6. Bb3 Be7 7. Re1 O-O 8.
c3 d6 9. h3 Bb7 10. d4 h6 11. Nbd2 Re8 12. Nf1 Bf8 13. Ng3 Nb8 14. dxe5
Nfd7 15. exd6 Bxd6 16. e5 Bc5 17. e6 fxe6 18. Rxe6 Rxe6 19. Bxe6+ Kh8 20.
Ne5 Qf6 21. Nf7+ Kh7 22. Qc2+ g6 23. Bxd7 Nxd7 24. Nxh6 Re8 25. Ng4 Re1+
26. Kh2 Qc6 27. f3 Bg1+ 28. Kh1 Bf2+ 29. Kh2 Bg1+ 30. Kh1 Bf2+ 31. Kh2 Bg1+
32. Kh1 Bf2+ 33. Kh2 Bg1+ 34. Kh1 { Game drawn by repetition } 1/2-1/2

[Event "ICC tourney 2532 (25 5)"]
[Site "Internet Chess Club"]
[Date "2021.04.25"]
[Round "5"]
[White "KOZINTSEV, DANIEL:K12-14508214"]
[Black "BOULIS, CHRISTOS:K12-16494901"]
[Result "1-0"]
[ICCResult "Black checkmated"]
[WhiteElo "755"]
[BlackElo "1506"]
[Opening "Nimzo-Indian: classical, Noa variation, 5.cd ed"]
[ECO "E35"]
[NIC "NI.23"]
[Time "11:02:05"]
[PlyCount "83"]
[TimeControl "1500+5"]

1. d4 Nf6 2. c4 e6 3. Nc3 Bb4 4. Qc2 d5 5. cxd5 exd5 6. Nf3 O-O 7. Bg5 Nbd7
8. e3 h6 9. Bh4 b6 10. a3 Bxc3+ 11. Qxc3 Bb7 12. Rc1 c6 13. Bd3 Rc8 14. b4
c5 15. dxc5 bxc5 16. Bxf6 Qxf6 17. Qxf6 Nxf6 18. bxc5 Rc7 19. Kd2 Ne4+ 20.
Bxe4 dxe4 21. Nd4 Rfc8 22. Nf5 Rd8+ 23. Ke2 Rd5 24. Nd4 Rdxc5 25. Rxc5 Rxc5
26. Rb1 Ba6+ 27. Kd2 Bd3 28. Rb8+ Kh7 29. Rb7 Ra5 30. Rxf7 Rxa3 31. Ne6 Kg6
32. Rf8 a5 33. g4 Ra2+ 34. Kc3 a4 35. f4 Rc2+ 36. Kd4 Rc6 37. f5+ Kh7 38.
Ra8 Ra6 39. Rb8 a3 40. Nf8+ Kg8 41. Ng6+ Kf7 42. Rf8# { Black checkmated }
1-0

[Event "ICC tourney 2532 (25 5)"]
[Site "Internet Chess Club"]
[Date "2021.04.25"]
[Round "5"]
[White "AMIT SONEJI, ARIN:K12-16463845"]
[Black "BENDRE, SOHAN ANUP:K12-14940058"]
[Result "0-1"]
[ICCResult "White checkmated"]
[WhiteElo "871"]
[BlackElo "1525"]
[Opening "Sicilian: Najdorf, Byrne (English) attack"]
[ECO "B90"]
[NIC "SI.14"]
[Time "11:01:47"]
[PlyCount "132"]
[TimeControl "1500+5"]

1. e4 c5 2. Nf3 d6 3. d4 cxd4 4. Nxd4 Nf6 5. Nc3 a6 6. Be3 e6 7. Bd3 Be7 8.
O-O b5 9. f3 Bb7 10. Nde2 O-O 11. Ng3 Nbd7 12. Qd2 Rc8 13. a4 b4 14. Nce2
d5 15. exd5 Nxd5 16. Bf2 Ne5 17. Be4 Qc7 18. Bxd5 Bxd5 19. Bd4 Rfd8 20. Qf4
Bd6 21. Qg5 Ng6 22. h4 Be7 23. Qg4 Bxh4 24. c3 e5 25. Be3 bxc3 26. Nxc3 Be6
27. Qe4 Bxg3 28. Rac1 Qa5 29. Ne2 Bh4 30. f4 exf4 31. Nxf4 Nxf4 32. Qxf4
Bf6 33. Qf2 Rxc1 34. Rxc1 Qxa4 35. Bb6 Rd1+ 36. Rxd1 Qxd1+ 37. Kh2 Be5+ 38.
g3 Qh5+ 39. Kg1 Qd1+ 40. Kh2 Qd6 41. Kg2 h6 42. Bc5 Qd5+ 43. Kg1 Bxg3 44.
Qxg3 Qxc5+ 45. Kg2 Qc2+ 46. Kf3 Qd3+ 47. Kf4 Qxg3+ 48. Kxg3 Kf8 49. Kf3 Ke7
50. Ke3 Kd6 51. Kd3 Kd5 52. Kc3 Kc5 53. b4+ Kb5 54. Kd4 Kxb4 55. Kd3 a5 56.
Kc2 h5 57. Kb2 h4 58. Ka1 h3 59. Kb2 h2 60. Ka1 h1=Q+ 61. Kb2 Qh3 62. Kc1
Qh2 63. Kd1 Kc3 64. Ke1 Kd3 65. Kf1 Bh3+ 66. Ke1 Qe2# { White checkmated }
0-1

[Event "ICC tourney 2532 (25 5)"]
[Site "Internet Chess Club"]
[Date "2021.04.25"]
[Round "5"]
[White "IYER, PRANAV:K12-15164384"]
[Black "SAXE, ERIC:K12-15062745"]
[Result "1-0"]
[ICCResult "Black forfeits on time"]
[WhiteElo "1859"]
[BlackElo "412"]
[Opening "English: symmetrical, Botvinnik system"]
[ECO "A36"]
[NIC "EO.30"]
[Time "11:01:33"]
[PlyCount "77"]
[TimeControl "1500+5"]

1. c4 c5 2. Nc3 Nc6 3. g3 g6 4. Bg2 Bg7 5. e4 e5 6. d3 d6 7. f4 exf4 8.
Bxf4 a6 9. Nf3 Nge7 10. O-O Bg4 11. Qd2 Bxf3 12. Rxf3 O-O 13. Bh6 f5 14.
Bxg7 Kxg7 15. Raf1 Qd7 16. Bh3 Nd4 17. R3f2 Rf7 18. Ne2 Nec6 19. Nxd4 Nxd4
20. exf5 Nxf5 21. Bxf5 Rxf5 22. Rxf5 gxf5 23. Qg5+ Kh8 24. Qf6+ Qg7 25.
Rxf5 Re8 26. Qxd6 Re1+ 27. Kg2 Qxb2+ 28. Rf2 Qxf2+ 29. Kxf2 Re8 30. Qxc5 h6
31. Qd4+ Kg8 32. Qd7 Rf8+ 33. Kg2 h5 34. Qxb7 a5 35. Qb5 Kg7 36. Qxh5 a4
37. Qg5+ Kh8 38. c5 a3 39. c6 { Black forfeits on time } 1-0

[Event "ICC tourney 2532 (25 5)"]
[Site "Internet Chess Club"]
[Date "2021.04.25"]
[Round "5"]
[White "WADE, WILL:K12-15902787"]
[Black "REMPE, MIEKE:K12-15043484"]
[Result "1-0"]
[ICCResult "Black checkmated"]
[WhiteElo "1156"]
[BlackElo "1704"]
[Opening "Caro-Kann: Steinitz variation"]
[ECO "B17"]
[NIC "CK.08"]
[Time "11:01:30"]
[PlyCount "83"]
[TimeControl "1500+5"]

1. e4 c6 2. d4 d5 3. Nc3 dxe4 4. Nxe4 Nd7 5. Nf3 Ngf6 6. Nxf6+ Nxf6 7. Bd3
e6 8. Bg5 Be7 9. O-O O-O 10. Ne5 Nd5 11. Bxe7 Qxe7 12. c3 f5 13. Qe2 Rf6
14. f4 Rh6 15. g3 c5 16. dxc5 Qxc5+ 17. Qf2 Qe7 18. Rad1 b6 19. Bxf5 Nxc3
20. Bxe6+ Bxe6 21. bxc3 Qa3 22. c4 Qa4 23. Qd4 Rf8 24. Rf2 Rh3 25. f5 Bf7
26. Nxf7 Rxf7 27. Qd8+ Rf8 28. Qd5+ Rf7 29. Qa8+ Rf8 30. Rd8 Qa3 31. Qd5+
Kh8 32. c5 Rxg3+ 33. hxg3 Qxg3+ 34. Kf1 Qh3+ 35. Rg2 Qh1+ 36. Ke2 Qh5+ 37.
Kd2 Qh6+ 38. Kc2 Qf6 39. Rxf8+ Qxf8 40. Rd2 Qxc5+ 41. Qxc5 bxc5 42. Rd8# {
Black checkmated } 1-0

[Event "ICC tourney 2532 (25 5)"]
[Site "Internet Chess Club"]
[Date "2021.04.25"]
[Round "5"]
[White "SU, KENNETH:K12-15191452"]
[Black "CHEN, JUSTIN:K12-14732288"]
[Result "1/2-1/2"]
[ICCResult "Game drawn by mutual agreement"]
[WhiteElo "2160"]
[BlackElo "2390"]
[Opening "Caro-Kann: two knights variation"]
[ECO "B10"]
[NIC "CK.01"]
[Time "11:01:33"]
[PlyCount "106"]
[TimeControl "1500+5"]

1. e4 c6 2. Nf3 d5 3. Nc3 Nf6 4. exd5 cxd5 5. d4 Bg4 6. Bb5+ Nc6 7. h3 Bxf3
8. Qxf3 e6 9. Bg5 Be7 10. O-O O-O 11. Ne2 Qb6 12. Bxc6 bxc6 13. Rab1 c5 14.
c3 Rfc8 15. Qd3 Rab8 16. Kh1 Qb5 17. Qxb5 Rxb5 18. Be3 cxd4 19. Nxd4 Rb7
20. Rfd1 Bd6 21. Ne2 h6 22. g4 Nd7 23. Bf4 Be7 24. Be3 Ne5 25. Bd4 Nc4 26.
b3 Nd6 27. Rbc1 f6 28. f4 Rbc7 29. Kg2 Kf7 30. Kf3 g5 31. Be3 gxf4 32. Bxf4
e5 33. Be3 Ke6 34. Bd2 Ne4 35. Be1 Ng5+ 36. Kg2 h5 37. Ng3 hxg4 38. hxg4
Bc5 39. c4 d4 40. Bd2 Ba3 41. Bxg5 Bxc1 42. Bxc1 Rg8 43. Kf3 Rcg7 44. g5 f5
45. Rh1 e4+ 46. Nxe4 fxe4+ 47. Kxe4 Rd8 48. Rh6+ Kf7 49. c5 d3 50. Rf6+ Kg8
51. Rd6 Rgd7 52. Rxd7 Rxd7 53. Bd2 Kf7 { Game drawn by mutual agreement }
1/2-1/2

[Event "ICC tourney 2532 (25 5)"]
[Site "Internet Chess Club"]
[Date "2021.04.25"]
[Round "5"]
[White "SHAHIR, PRATYUSH:K12-15111678"]
[Black "K SANFORD, HARRISON:K12-14321340"]
[Result "0-1"]
[ICCResult "White forfeits on time"]
[WhiteElo "1295"]
[BlackElo "2005"]
[Opening "Sicilian: Canal-Sokolsky attack, Sokolsky variation"]
[ECO "B52"]
[NIC "SI.01"]
[Time "11:01:00"]
[PlyCount "58"]
[TimeControl "1500+5"]

1. e4 c5 2. Nf3 d6 3. Bb5+ Bd7 4. Bxd7+ Qxd7 5. c4 Nc6 6. d4 cxd4 7. Nxd4
g6 8. Nc3 Bg7 9. Be3 Nf6 10. f3 a6 11. O-O O-O 12. Rc1 Rfc8 13. Na4 Nxd4
14. Bxd4 Rc6 15. Nb6 Rxb6 16. Bxb6 Rc8 17. c5 Qc6 18. Kh1 d5 19. e5 Nd7 20.
f4 e6 21. b4 f6 22. exf6 Nxf6 23. Re1 Ne4 24. Rxe4 dxe4 25. Rc2 Rf8 26. Qd6
Qd5 27. Rd2 Qc4 28. Kg1 e3 29. Rd1 e2 { White forfeits on time } 0-1

[Event "ICC tourney 2532 (25 5)"]
[Site "Internet Chess Club"]
[Date "2021.04.25"]
[Round "5"]
[White "SINGH, ANISH:K12-16345003"]
[Black "ELLIS, PRESTON:K12-16267430"]
[Result "0-1"]
[ICCResult "White resigns"]
[WhiteElo "1449"]
[BlackElo "733"]
[Opening "Queen's pawn game, Chigorin variation"]
[ECO "D02"]
[NIC "QP.08"]
[Time "11:02:35"]
[PlyCount "74"]
[TimeControl "1500+5"]

1. d4 d5 2. Nf3 Nc6 3. c4 e6 4. Nc3 Nf6 5. Bg5 Be7 6. e3 Ne4 7. Bxe7 Qxe7
8. Bd3 O-O 9. Nxe4 dxe4 10. Bxe4 f5 11. Bxc6 bxc6 12. O-O Bb7 13. b4 c5 14.
bxc5 Be4 15. Ne5 Qg5 16. g3 f4 17. Qg4 Qxg4 18. Nxg4 f3 19. Ne5 Rf6 20.
Rfd1 Rh6 21. Rd2 Rh3 22. Rb2 Rf8 23. a4 h6 24. Ra3 Rf5 25. Kf1 Rxh2 26. Ke1
Rfh5 27. Rab3 Rg2 28. Rb8+ Kh7 29. Ng4 Rh1+ 30. Kd2 h5 31. Ne5 Rxf2+ 32.
Kc3 Rc1+ 33. Kb3 Rxb2+ 34. Kxb2 Rb1+ 35. Kc3 Rxb8 36. Nf7 Kg8 37. Ng5 f2 {
White resigns } 0-1